 Dungeon Crawl Stone Soup version 0.17-a0-670-g5d95ebd (webtiles) character file.

287 Kisielow the Chiller (level 6, 0/34 HPs)
             Began as a Deep Elf Ice Elementalist on Apr 18, 2015.
             Was an Initiate of Kikubaaqudgha.
             Slain by an adder skeleton (3 damage)
             ... on level 4 of the Dungeon.
             The game lasted 00:17:59 (4048 turns).

Kisielow the Chiller (Deep Elf Ice Elementalist)    Turns: 4048, Time: 00:17:59

Health: 0/34       AC:  3    Str:  8    XL:     6   Next: 8%
Magic:  6/14       EV: 13    Int: 27    God:    Kikubaaqudgha [......]
Gold:   151        SH:  0    Dex: 15    Spells: 3 memorised, 6 levels left

rFire  . . .     SeeInvis .     g - +1 short sword
rCold  . . .     Clarity  .     a - +1 robe
rNeg   . . .     SustAb   .     (no shield)
rPois  +         Gourm    .     (no helmet)
rElec  .         Spirit   .     (no cloak)
rCorr  .         Warding  .     (no gloves)
rMut   .         Stasis   .     (no boots)
MR     .....                    (no amulet)
Stlth  ++........               h - ring of poison resistance
                                u - +3 ring of strength

@: brilliant, exhausted, slowed, very slow, not resistant to hostile
enchantments, unstealthy
A: no striking features
a: Renounce Religion


You were on level 4 of the Dungeon.
You worshipped Kikubaaqudgha.
Kikubaaqudgha was noncommittal.
You were very hungry.

You visited 1 branch of the dungeon, and saw 5 of its levels.

You collected 174 gold pieces.
You spent 23 gold pieces at shops.

Inventory:

Hand weapons
 g - a +1 short sword (weapon)
Armour
 a - a +1 robe (worn)
Jewellery
 h - a ring of poison resistance (right hand)
 u - a +3 ring of strength (left hand)
 v - an uncursed ring of positive energy
 z - an uncursed ring of fire
Magical devices
 d - a wand of paralysis (13)
Scrolls
 l - 5 scrolls of remove curse
 m - a scroll of immolation
 q - a scroll of enchant weapon
Potions
 f - a potion of brilliance
 j - a potion of cure mutation
 n - a potion of agility
 s - a potion of resistance
Books
 b - a book of Frost

   Spells                             Type                      Level
   a - Freeze                         Ice                          1
   b - Throw Frost                    Conjuration/Ice              2
   c - Ozocubu's Armour               Charms/Ice                   3
   d - Throw Icicle                   Conjuration/Ice              4
   e - Summon Ice Beast               Ice/Summoning                4
   f - Condensation Shield            Ice                          4
Comestibles
 c - 3 bread rations
 k - 2 royal jellies
 p - a meat ration
 r - a beef jerky
 t - a slice of pizza
 x - 2 chunks of flesh


   Skills:
 * Level 1.0 Fighting
 - Level 2.4 Dodging
 - Level 2.4 Stealth
 - Level 4.0 Spellcasting
 - Level 3.5 Conjurations
 * Level 2.0 Necromancy
 - Level 5.5 Ice Magic


You had 6 spell levels left.
You knew the following spells:

 Your Spells              Type           Power        Failure   Level  Hunger
a - Freeze                Ice            ####         1%          1    None
b - Throw Frost           Conj/Ice       #####.       1%          2    None
c - Throw Icicle          Conj/Ice       #####...     1%          4    ####...


Dungeon Overview and Level Annotations

Branches:
Dungeon (5/15)
 Temple: D:4-7

Altars:
Ashenzari
Cheibriados
Elyvilon
Kikubaaqudgha
Nemelex Xobeh
Qazlal
Ru
Xom

Shops:
D:4 [*=

Annotations:
D:4 hornqvist's ghost, average DsFi


Message History

Casting: Freeze
Confirm with . or Enter, or press ? or * to list all spells.
Aiming: Throw Icicle
Press: ? - help, Shift-Dir - straight line, f - adder skeleton
Aim: an adder skeleton The shard of ice misses the adder skeleton.
You are feeling very hungry.
The adder skeleton bites you.
* * * LOW HITPOINT WARNING * * *
The adder skeleton bites you.
* * * LOW HITPOINT WARNING * * *
Casting: Throw Icicle
Confirm with . or Enter, or press ? or * to list all spells.
Aiming: Throw Icicle
Press: ? - help, Shift-Dir - straight line, f/p - adder skeleton
Aim: an adder skeleton The shard of ice misses the adder skeleton.
The adder skeleton bites you.
You die...
Kikubaaqudgha rasps: "You have failed me!
Welcome... death!"

###................##.
......................
.......#'#........###.
#.#...+∩'.)..........
#.#.###'#............ ..
#.#†#...<............ ...
#.........###........
.....#...Z.....#....##..#.
.........@.....#........#.
.....##........#..........
.... #........#..........
....##.)...W.......####.#
...........#.........# #.#
####......#...#...### #.#
.W.......#...#...######..
..........#####...........
.§...#..... ##..........


You could see a phantom and an adder skeleton.

Vanquished Creatures
  A crimson imp (D:3)
  An orc priest (D:4)
  3 worker ants
  7 adders
  2 oozes
  3 worms
  2 orcs (D:3)
  3 ball pythons
  3 giant cockroaches
  9 hobgoblins
  3 jackals (D:3)
  7 kobolds
  3 quokkas
  4 bats
  5 giant geckos
  2 giant newts (D:1)
  8 goblins
  7 rats
73 creatures vanquished.

Notes
Turn   | Place    | Note
--------------------------------------------------------------
     0 | D:1      | Kisielow, the Deep Elf Ice Elementalist, began the quest for the Orb.
     0 | D:1      | Reached XP level 1. HP: 10/10 MP: 6/6
   495 | D:1      | Reached XP level 2. HP: 15/15 MP: 6/8
   508 | D:1      | Learned a level 2 spell: Throw Frost
   512 | D:1      | Reached skill level 4 in Ice Magic
  1129 | D:1      | Reached XP level 3. HP: 19/19 MP: 8/10
  1313 | D:2      | You fall through a shaft!
  1318 | D:3      | Reached XP level 4. HP: 24/24 MP: 9/12
  1319 | D:3      | Found a sacrificial altar of Ru.
  1859 | D:2      | Reached skill level 5 in Ice Magic
  2320 | D:2      | Reached XP level 5. HP: 26/28 MP: 4/13
  2946 | D:3      | Learned a level 4 spell: Throw Icicle
  2960 | D:3      | Found a white marble altar of Elyvilon.
  3089 | D:3      | Found a stormy altar of Qazlal.
  3134 | D:3      | Found a sparkling altar of Nemelex Xobeh.
  3135 | D:3      | Found an ancient bone altar of Kikubaaqudgha.
  3374 | D:3      | You fall through a shaft for 2 floors!
  3374 | D:5      | Entered Level 5 of the Dungeon
  3456 | D:4      | Noticed hornqvist's ghost (average DsFi)
  3475 | D:4      | Found a shimmering altar of Xom.
  3492 | D:4      | Found a shimmering altar of Xom.
  3492 | D:4      | Found a shimmering altar of Xom.
  3493 | D:4      | Found Roczur's Jewellery Shop.
  3494 | D:4      | Found Cigaduw's Assorted Antiques.
  3552 | D:4      | Noticed a phantom
  3567 | D:4      | Found Umusisa's Armour Shoppe.
  3574 | D:3      | Found a shattered altar of Ashenzari.
  3574 | D:3      | Found a snail-covered altar of Cheibriados.
  3586 | D:3      | Became a worshipper of Kikubaaqudgha
  3829 | D:4      | Reached skill level 1 in Necromancy
  3971 | D:4      | Bought a scroll labeled NOTEFY NETUAPN for 23 gold pieces
  4036 | D:4      | Reached skill level 1 in Fighting
  4036 | D:4      | Reached XP level 6. HP: 12/34 MP: 0/14
  4048 | D:4      | Slain by an adder skeleton

Action                   |  1- 3 |  4- 6 || total
-------------------------+-------+-------++-------
Melee: Short sword       |       |    12 ||    12
 Cast: Freeze            |    26 |    34 ||    60
       Throw Frost       |    20 |    57 ||    77
       Throw Icicle      |       |     8 ||     8
  Use: Scroll            |       |    14 ||    14
       Potion            |       |     4 ||     4
  Eat: Chunk             |     1 |    11 ||    12
